Unix NetHack Version 5.0.0-0 post-release - last build May 23 2026 06:08:33 (1c0ff79ee797540d5714e4e18072db0edd9e58ae,branch:main).

Game began 2026-05-27 20:40:15, ended 2026-05-28 00:35:23.

Haxasaurus, neutral male human Wizard

                                                            --------
                                                            |......|
                                                            |......|
                                      ---------------   ####-.....:|
                                      |..............####   ----.---
                                      -.............|#          ##
                                      |.............|#           #
                                      |.............|##          #
                                      -.-------------###         #
                                       #           #@# ##        #
                                       #                ## ------|-
                                       #         ##########.......|
                 |                     ##        #       # |......|
                 |....                ###        #    ## ##-^`<...|
                 |                   --.--|----  #    #    --------
                                     .>.......|  ######
                                     |....%....###
                                     |........|
                                     ----------

Haxasaurus the Conjurer   St:8 Dx:12 Co:13 In:18 Wi:12 Ch:12  Neutral
Dlvl:2  $:37 HP:27(30) Pw:18(18) AC:8  Xp:3/49 T:794  Burdened

Latest messages:
 As you kick the door, it crashes open!
 There is a broken door here.
 You swap places with Pringle.
 You destroy the kobold zombie!
 You swap places with Pringle.
 There is a broken door here.
 You swap places with Pringle.
 You swap places with Pringle.
 You hit the green mold.
 You kill the green mold!
 Welcome to experience level 3.
 You are splashed by the green mold's acid!
 [HP -5, 25 left]
 You see here a green mold corpse.
 You have a little trouble lifting a green mold corpse.  Continue? y
 You have a little trouble lifting G - a green mold corpse.
 Your movements are slowed slightly because of your load.
 A board beneath Pringle squeaks a D flat loudly.
 You swap places with Pringle.
 You swap places with Pringle.
 The door resists!
 The door resists!
 The door resists!
 The door opens.
 You hear some noises.
 Pringle misses it.
 You swap places with Pringle.
 You hit the bat.
 The bat misses!
 The bat bites!
 [HP -2, 25 left]
 The bat bites!
 [HP -1, 24 left]
 You kill the bat!
 You swap places with Pringle.
 Pringle misses the bat.
 You swap places with Pringle.
 Pringle bites the bat.
 The bat is killed!
 Really save? y
 Saving...
 Restoring save file...
 Hello Haxasaurus, the human Wizard, welcome back to NetHack!
 Your movements are slowed slightly because of your load.
 Really quit without saving? y
 Do you want your possessions identified? n
 Do you want to see your attributes? n
 Do you want an account of creatures vanquished? n
 Do you want to see your conduct and achievements? n
 Do you want to see the dungeon overview? n

Inventory:
 Coins    ('$')
  $ - 37 gold pieces
 Weapons  (')')
  t - 8 +0 darts
  D - a +0 elven dagger
  r - a +0 orcish dagger
  a - a blessed +1 quarterstaff (weapon in hands)
 Armor    ('[')
  s - an uncursed +0 orcish helm (being worn)
  b - an uncursed +0 cloak of magic resistance (being worn)
 Comestibles  ('%')
  q - 2 uncursed bananas
  C - an uncursed food ration
  G - an uncursed green mold corpse
  u - 2 uncursed lichen corpses
 Scrolls  ('?')
  i - an uncursed scroll of gold detection
  k - 2 uncursed scrolls of identify
  j - a blessed scroll of punishment
 Spellbooks  ('+')
  y - a blessed spellbook of detect food
  l - a blessed spellbook of force bolt
  x - an uncursed spellbook of magic missile
  m - an uncursed spellbook of sleep
 Potions  ('!')
  g - an uncursed potion of enlightenment
  o - 2 blessed potions of healing
  f - an uncursed potion of levitation
  h - a blessed potion of object detection
 Rings    ('=')
  d - an uncursed ring of free action
  p - a blessed +3 ring of gain constitution
  e - an uncursed ring of shock resistance
 Wands    ('/')
  F - a wand of digging (0:4)
  c - a wand of slow monster (0:5)
  z - a wand of undead turning (0:7)
 Tools    ('(')
  E - an empty uncursed sack
  n - a magic marker (0:20)
 Gems/Stones  ('*')
  A - an uncursed garnet stone
  w - an uncursed worthless piece of violet glass
  B - 2 uncursed worthless pieces of white glass
  v - an uncursed worthless piece of yellow glass
 Special
 (list likely candidates)

Haxasaurus the Wizard's attributes:

Background:
 You were a Conjurer, a level 3 male human Wizard.
 You were neutral, on a mission for Thoth
 who was opposed by Ptah (lawful) and Anhur (chaotic).
 You were left-handed.
 You were in the Dungeons of Doom, on level 2.
 You entered the dungeon 794 turns ago.
 It was the midnight hour.
 You had 49 experience points, 31 more were needed to attain level 4.

Basics:
 You had 27 out of 30 hit points.
 You had all 18 energy points (spell power).
 Your armor class was 8.
 Your wallet contained 37 zorkmids.
 Autopickup was on for '$"=/!?' plus thrown, with exceptions.

Final Characteristics:
 Your strength was 8 (limit:18/100).
 Your dexterity was 12 (limit:18).
 Your constitution was 13 (limit:18).
 Your intelligence was 18 (limit:18).
 Your wisdom was 12 (limit:18).
 Your charisma was 12 (limit:18).

Final Status:
 You weren't hungry.
 You were burdened; movement was slightly slowed.
 You were wielding a quarterstaff.
 You had basic skill with quarterstaff.

Final Attributes:
 You were fervently aligned.
 You were magic-protected.
 You were warded.
 You survived.

Miscellaneous:
 You didn't encounter any bones levels.
 Total elapsed playing time was 1 hour and 14 seconds.

Major events:
 Turn
    1: Haxasaurus the neutral male human Wizard entered the dungeon
  752: attained the rank of Conjurer (level 3)
  794: quit

Spells:
 Name                 Level Category     Fail Retention
 force bolt             1   attack         0%  91%-100%
 sleep                  3   enchantment    0%  91%-100%
 detect food            2   divination    57%  76%-100%

Skills:
 Fighting Skills
   bare handed combat [Unskilled]
   riding             [Unskilled]
 Weapon Skills
   dagger             [Unskilled]
   knife              [Unskilled]
   axe                [Unskilled]
   short sword        [Unskilled]
   club               [Unskilled]
   mace               [Unskilled]
   quarterstaff       [Basic]
   polearms           [Unskilled]
   spear              [Unskilled]
   trident            [Unskilled]
   sling              [Unskilled]
   dart               [Unskilled]
   shuriken           [Unskilled]
 Spellcasting Skills
   attack spells      [Basic]
   healing spells     [Unskilled]
   divination spells  [Unskilled]
   enchantment spells [Basic]
   clerical spells    [Unskilled]
   escape spells      [Unskilled]
   matter spells      [Unskilled]

Voluntary challenges:
 Character rerolling was not enabled.
 You never genocided any monsters.
 You never polymorphed an object.
 You never changed form.
 You used no wishes.
Achievement:
 You attained the rank of Conjurer.

 The Dungeons of Doom: levels 1 to 2
    Level 1:
       An altar to Thoth, a sink.
    Level 2: <- You were here.


Vanquished creatures:
  a hobbit
  a green mold
  4 jackals
  a kobold
  a goblin
  a sewer rat
  2 bats
  3 lichens
  3 kobold zombies
  a newt
18 creatures vanquished.

No species were genocided or became extinct.

Goodbye Haxasaurus the Wizard...

You quit in The Dungeons of Doom on dungeon level 2 with 293 points,
and 37 pieces of gold, after 794 moves.
You were level 3 with a maximum of 30 hit points when you quit.

